 Dungeon Crawl Stone Soup version 0.30-a0-2-gf48d83f5e2 (webtiles) character file.

Game seed: 17753839978826682679

618 kae the Firebug (level 7, 0/40 HPs)
             Began as a Deep Elf Fire Elementalist on Aug 19, 2022.
             Slain by a black bear (2 damage)
             ... on level 4 of the Dungeon.
             The game lasted 00:02:59 (4976 turns).

kae the Firebug (Deep Elf Fire Elementalist)        Turns: 4976, Time: 00:02:59

Health: 0/40       AC:  3    Str:  5    XL:     7   Next: 21%
Magic:  10/16      EV: 14    Int: 22    God:
Gold:   225        SH:  0    Dex: 15    Spells: 6/15 levels left

rFire   . . .      SeeInvis .    c - +0 mace
rCold   . . .      Faith    .    i - orb {guile}
rNeg    . . .      Spirit   .    a - +1 robe
rPois   .          Reflect  .    (no helmet)
rElec   .          Harm     .    (no cloak)
rCorr   .          Rampage  .    (no gloves)
Will    .....                    (no boots)
Stlth   ++........               (no amulet)
HPRegen 0.13/turn                m - ring of willpower
MPRegen 0.15/turn                (no ring)

@: no status effects
A: no striking features
a: no special abilities


You were on level 4 of the Dungeon.
You visited 1 branch of the dungeon, and saw 5 of its levels.

You collected 225 gold pieces.


   Skills:
 + Level 2.0 Fighting
 + Level 4.4 Dodging
 - Level 2.4 Stealth
 + Level 4.8 Spellcasting
 * Level 4.5 Conjurations
 * Level 5.6 Fire Magic


You had 6 spell levels left.
You knew the following spells:

 Your Spells              Type           Power      Damage    Failure   Level
a - Foxfire               Conj/Fire      100%       2x1d9     1%          1
b - Scorch                Fire           60%        2d8       1%          2
c - Conjure Flame         Conj/Fire      27%        6-21      3%          3
d - Inner Flame           Hex/Fire       17%        N/A       10%         3

Your spell library contained the following spells:

 Spells                   Type           Power      Damage    Failure   Level
 Flame Wave               Conj/Fire      27%        2d9       13%         4
 Animate Dead             Necr           5%         N/A       71%         4
 Borgnjor's Vile Clutch   Necr/Erth      2%         N/A       96%         5
 Death Channel            Necr           2%         N/A       100%        6

Inventory:

Hand Weapons
 c - a +0 mace (weapon)
   (You found it on level 1 of the Dungeon)
Missiles
 d - 6 boomerangs
 e - 18 stones
 q - 3 javelins
Armour
 a - a +1 robe (worn)
 i - an orb of guile (worn)
   (You found it on level 1 of the Dungeon)
Jewellery
 m - a ring of willpower (left hand)
   (You found it on level 2 of the Dungeon)
Wands
 t - a wand of polymorph (10)
   (You found it on level 3 of the Dungeon)
Scrolls
 f - a scroll of noise {!r}
 g - a scroll of fear
 w - a scroll of teleportation {@r4}
Potions
 b - 2 potions of magic
 h - 2 potions of degeneration {!q}
 k - a potion of attraction {unknown}
 l - 2 potions of curing {@q1}
 n - a potion of mutation {!q}
 o - 2 potions of lignification {unknown}
 p - 2 potions of might

Dungeon Overview and Level Annotations

Branches:
Dungeon (5/15) Zot: 25023
 Temple: D:4-7

Altars:
Cheibriados
Elyvilon
Gozag

........## ........#
........# ....^..###
.........#####
.........<...##########
........####..........#
........# ##...hg....#
........# #...@.....#
.......## ##..<......#
#......#####..........#
......................#
######.######.........#
.## #.### #.........#
..## #...## #.........#
#..# ###..# ###########
...######.#


You could see a black bear (berserk) and a gnoll (combustible).


Message History

d - 6 boomerangs A phantom and a gnoll come into view.
A gnoll comes into view. It is wielding a +0 club. 😎 MP[+6]
Your mp is fully restored (16).
There are monsters nearby!
There are monsters nearby!
There are monsters nearby!
There are monsters nearby!
There is a stone staircase leading up here.
Casting: Scorch (safe; 1% risk of failure)
Confirm with . or Enter, or press ? or * to list all spells.
You conjure some foxfire!
A quokka comes into view.
A black bear comes into view. 😎 MP[-1]
You lost 1 mp, and now have 15/16 mp.
Casting: Foxfire (safe; 1% risk of failure)
Confirm with . or Enter, or press ? or * to list all spells.
You conjure some foxfire!
The foxfire hits the quokka.
A gnoll comes into view. It is wielding a +0 club.
The foxfire hits the quokka.
A gnoll sergeant comes into view. It is wielding a +0 trident.
The foxfire hits the quokka.
You kill the quokka! 😎 MP[-1]
You lost 1 mp, and now have 14/16 mp.
Casting: Foxfire (safe; 1% risk of failure)
Confirm with . or Enter, or press ? or * to list all spells.
You conjure some foxfire!
The gnoll shouts!
The foxfire hits the black bear.
A gnoll comes into view. It is wielding a +0 whip.
The foxfire hits the black bear! 😎 MP[-1]
You lost 1 mp, and now have 13/16 mp.
Casting: Foxfire (safe; 1% risk of failure)
Confirm with . or Enter, or press ? or * to list all spells.
You conjure some foxfire!
The gnoll shouts!
The foxfire hits the black bear.
The foxfire hits the black bear!
A gnoll comes into view. It is wielding a +0 whip.
Casting: Foxfire (safe; 1% risk of failure)
Confirm with . or Enter, or press ? or * to list all spells.
You conjure some foxfire!
The gnoll shouts!
The black bear goes berserk!
The foxfire hits the gnoll!
The foxfire hits the gnoll.
You kill the gnoll!
The gnoll shouts! 😎 MP[-1]
You lost 1 mp, and now have 12/16 mp.
Casting: Foxfire (safe; 1% risk of failure)
Confirm with . or Enter, or press ? or * to list all spells.
You conjure some foxfire!
The black bear closely misses you. The black bear barely misses you.
The black bear claws you. The black bear closely misses you.
The black bear barely misses you. The black bear claws you.
The foxfire hits the gnoll sergeant. x2; The black bear bites you.
The black bear claws you but does no damage.
The black bear claws you.
The gnoll sergeant misses you. 😕 HP[-9] MP[-1]
You take 9 damage, and now have 31/40 hp.
MASSIVE DAMAGE!! (PAUSE)
You lost 1 mp, and now have 11/16 mp.
The black bear bites you!
* * * LOW HITPOINT WARNING * * *
The black bear claws you.
* * * LOW HITPOINT WARNING * * *
The black bear claws you.
* * * LOW HITPOINT WARNING * * *
The gnoll closely misses you. The gnoll sergeant barely misses you.
The black bear barely misses you. The black bear misses you.
The black bear claws you.
* * * LOW HITPOINT WARNING * * *
You climb upwards.
There is a stone staircase leading down here.
You can't go up here! 😱 HP[-24] MP[+1]
You take 24 damage, and now have 7/40 hp.
MASSIVE DAMAGE!! (PAUSE) Unknown command.
You feel much better. The black bear bites you.
The black bear barely misses you. The black bear claws you.
The gnoll closely misses you. 😮 HP[+18]
You regained 18 hp, and now have 25/40 hp.
Casting: Foxfire (safe; 1% risk of failure)
Confirm with . or Enter, or press ? or * to list all spells.
Flames lash the gnoll.
The gnoll's fire resistance burns away.
The black bear misses you. The black bear claws you.
* * * LOW HITPOINT WARNING * * *
The black bear misses you. The gnoll closely misses you.
The black bear bites you!
* * * LOW HITPOINT WARNING * * *
The black bear claws you.
* * * LOW HITPOINT WARNING * * *
The black bear claws you.
* * * LOW HITPOINT WARNING * * *
The black bear bites you.
You die...

Skill      XL: |  1  2  3  4  5  6  7 |
---------------+----------------------+-----
Conjurations   | 2 3 4 |  4.5
Dodging        | 3 4 |  4.4
Fire Magic     | 4 5 |  5.6
Fighting       | 1 2 |  2.0
Spellcasting   | 4 |  4.8
Stealth        | |  2.4

Action                   |  1- 3 |  4- 6 |  7- 9 || total
-------------------------+-------+-------+-------++-------
Melee: Mace              |     3 |       |       ||     3
 Cast: Foxfire           |    77 |    87 |     6 ||   170
       Scorch            |     7 |    11 |     2 ||    20
  Use: Scroll            |       |    16 |       ||    16
       Potion            |       |       |     1 ||     1
Armor: Robe              |     3 |     3 |     1 ||     7
Dodge: Dodged            |    20 |     7 |    14 ||    41

Levels and vault maps discovered:
D:1:      elethiomel_arrival_maze, layout_basic, basic_ecumenical_altar,
          chequers_jeans
D:2:      layout_basic
D:3:      layout_basic, elyvilon_altar_5, patterned_corridor
D:4:      layout_rooms, gammafunk_temple_overflow_pools
D:5:      layout_cave_pools, tgw_sif, gammafunk_ghost_split

Notes
Turn   | Place    | Note
-------+----------+-------------------------------------------
     0 | D:1      | kae the Deep Elf Fire Elementalist began the quest for the
                  | Orb.
     0 | D:1      | Reached XP level 1. HP: 10/10 MP: 6/6
     0 | D:1      | magus.rc [v1.11.3]
   400 | D:1      | Reached XP level 2. HP: 15/15 MP: 2/8
   403 | D:1      | Learned a level 2 spell: Scorch
   612 | D:1      | HP: 2/15 [quokka (2)]
   877 | D:1      | Found a faded altar of an unknown god.
   926 | D:1      | Reached skill level 2 in Conjurations
  1072 | D:1      | Reached XP level 3. HP: 20/20 MP: 7/9
  1076 | D:1      | Learned a level 3 spell: Conjure Flame
  1738 | D:2      | Reached skill level 3 in Dodging
  2046 | D:2      | Reached skill level 4 in Fire Magic
  2136 | D:2      | Reached XP level 4. HP: 24/24 MP: 6/11
  2338 | D:2      | Learned a level 3 spell: Inner Flame
  2623 | D:2      | You pick up a book of Unlife and begin reading...
  2623 | D:2      | You add the spells Animate Dead, Borgnjor's Vile Clutch and
                  | Death Channel to your library.
  3055 | D:3      | Found a white marble altar of Elyvilon.
  3779 | D:4      | Noticed a scorpion
  3846 | D:4      | Reached skill level 1 in Fighting
  3846 | D:4      | Reached XP level 5. HP: 29/29 MP: 3/12
  3935 | D:4      | Reached skill level 3 in Conjurations
  3939 | D:4      | Reached skill level 4 in Spellcasting
  4181 | D:4      | Reached XP level 6. HP: 31/34 MP: 9/14
  4278 | D:4      | Reached skill level 5 in Fire Magic
  4320 | D:4      | Reached skill level 4 in Dodging
  4649 | D:4      | Reached skill level 4 in Conjurations
  4850 | D:4      | Found a snail-covered altar of Cheibriados.
  4851 | D:4      | Found an opulent altar of Gozag.
  4886 | D:5      | Entered Level 5 of the Dungeon
  4905 | D:5      | Reached XP level 7. HP: 39/39 MP: 11/16
  4912 | D:5      | Reached skill level 2 in Fighting
  4972 | D:5      | HP: 10/40 [black bear (4)]
  4975 | D:4      | HP: 2/40 [black bear (6)]
  4976 | D:4      | Slain by a black bear

Vanquished Creatures
  A phantom (D:4)
  A scorpion (D:4)
  A necrophage (D:4)
  A jelly (D:4)
  2 hounds (D:4)
  2 iguanas (D:4)
  2 gnolls
  2 adders
  4 worms
  A dart slug (D:1)
  5 orcs
  9 endoplasms
  6 giant cockroaches
  5 goblins
  8 hobgoblins
  7 jackals (D:2)
  7 kobolds
  5 quokkas
  12 ball pythons
  4 bats
  6 frilled lizards
  3 rats
94 creatures vanquished.

Vanquished Creatures (collateral kills)
  A bullfrog (D:5)
  A howler monkey (D:5)
  A jelly (D:5)
3 creatures vanquished.

Vanquished Creatures (others)
  282 foxfires
282 creatures vanquished.

Grand Total: 379 creatures vanquished

Table legend:
 A = Non-vault XP
 B = Vault XP
 C = Vault XP percentage of total XP
 D = Non-vault monster count
 E = Vault monster count
 F = Vault count percentage of total count
                 A         B        C        D         E       F
            +---------+---------+-------+---------+---------+-------
      Total |     883 |       0 |   0.0 |      97 |       0 |   0.0
            +---------+---------+-------+---------+---------+-------
        D:1 |      62 |       0 |   0.0 |      28 |       0 |   0.0
        D:2 |      53 |       0 |   0.0 |      28 |       0 |   0.0
        D:3 |      32 |       0 |   0.0 |      12 |       0 |   0.0
        D:4 |     527 |       0 |   0.0 |      24 |       0 |   0.0
        D:5 |     209 |       0 |   0.0 |       5 |       0 |   0.0
            +---------+---------+-------+---------+---------+-------

Illustrated notes

Table legend:
 A = Kills in this place as a percentage of kills in entire the game.
 B = Kills by you in this place as a percentage of kills by you in the entire game.
 C = Kills by friends in this place as a percentage of kills by friends in the entire game.
 D = Other kills in this place as a percentage of other kills in the entire game.
 E = Experience gained in this place as a percentage of experience gained in the entire game.
 F = Experience gained in this place divided by the number of levels of this place that you have seen.
                   A       B       C       D       E      F
               +-------+-------+-------+-------+-------+----------------------
         Total | 100.0 | 100.0 | 100.0 |   N/A | 100.0 | 176.6
       Dungeon | 100.0 | 100.0 | 100.0 |   N/A | 100.0 | 176.6
               +-------+-------+-------+-------+-------+----------------------

Table legend: (Time is in decaauts)
 A = Elapsed time spent in this place.
 B = Non-inter-level travel time spent in this place.
 C = Inter-level travel time spent in this place.
 D = Time resting spent in this place.
 E = Time spent auto-exploring this place.
 F = Levels seen in this place.
 G = Mean time per level.
                   A        B        C        D        E       F      G
               +--------+--------+--------+--------+--------+-----+--------+
         Total |   4975 |   4829 |    146 |     26 |   4170 |   5 |  995.0 |
       Dungeon |   4975 |   4829 |    146 |     26 |   4170 |   5 |  995.0 |
               +--------+--------+--------+--------+--------+-----+--------+

Top non-repeatable levels by time:
     D:1: 1731 daAuts
     D:2: 1107 daAuts
     D:4: 1071 daAuts
     D:3: 978 daAuts
     D:5: 86 daAuts
